 Dungeon Crawl Stone Soup version 0.31-a0-210-gccc998df9b (webtiles) character file.

Game seed: 17011038771380623319

4 innerfire43 the Trooper (level 1, -4/18 HPs)
             Began as a Demonspawn Monk on June 29, 2023.
             Killed from afar by a dart slug (5 damage)
             ... with a slug dart
             ... on level 1 of the Dungeon.
             The game lasted 00:00:09 (88 turns).

innerfire43 the Trooper (Demonspawn Monk)             Turns: 88, Time: 00:00:09

Health: -4/18      AC:  2    Str: 11    XL:     1   Next: 50%
Magic:  1/1        EV: 13    Int: 17    God:
Gold:   23         SH:  0    Dex: 15    Spells: 0/0 levels left

rFire   . . .        a - +0 hand axe
rCold   . . .        d - orb {light}
rNeg    . . .        b - +0 robe
rPois   .            (no helmet)
rElec   .            (no cloak)
rCorr   .            (no gloves)
SInv    .            (no boots)
Will    .....        (no amulet)
Stlth   +            e - +6 ring of intelligence
HPRegen 0.23/turn    (no ring)
MPRegen 0.07/turn

%: no passive effects
@: glowing
A: no striking features
a: no special abilities


You were on level 1 of the Dungeon.
You visited 1 branch of the dungeon, and saw 1 of its levels.

You collected 23 gold pieces.

Inventory:

Hand Weapons
 a - a +0 hand axe (weapon)
Armour
 b - a +0 robe (worn)
 d - an orb of light (worn)
Jewellery
 e - a +6 ring of intelligence (left hand)
Scrolls
 f - a scroll of amnesia {unknown}
Potions
 c - a potion of ambrosia


   Skills:
 + Level 3.0 Fighting
 + Level 2.8 Axes
 + Level 2.8 Dodging


You couldn't memorise any spells.
You didn't know any spells.
Your spell library was empty.

Dungeon Overview and Level Annotations

Branches:
Dungeon (1/15)

Altars:


Message History

You hit the hobgoblin.
You kill the hobgoblin!
You barely miss the quokka. You hit the quokka. The quokka closely misses you.
The quokka bites you.
There are monsters nearby!
You barely miss the quokka.
The quokka is almost dead.
You barely miss the quokka. The quokka closely misses you.
The quokka barely misses you. The quokka closely misses you. x2
Unknown command.
You barely miss the quokka.
The quokka is almost dead.
You hit the dart slug. You hit the quokka but do no damage.
The quokka misses you. The quokka closely misses you.
The dart slug bites you but does no damage.
You hit the quokka but do no damage.
The quokka is almost dead.
You hit the dart slug but do no damage. You hit the quokka.
The quokka misses you. x2; The dart slug bites you.
The quokka closely misses you. The quokka misses you.
Unknown command.
You hit the quokka.
You kill the quokka!
You hit the dart slug. You hit the quokka. The quokka closely misses you.
The dart slug launches a dart at you. The slug dart hits you.
Unknown command.
You are too injured to fight recklessly!
You are too injured to fight recklessly!
Unknown command.
You are too injured to fight recklessly!
You hit the dart slug but do no damage.
The dart slug is moderately wounded.
You closely miss the quokka. The quokka bites you.
* * * LOW HITPOINT WARNING * * *
The quokka bites you.
* * * LOW HITPOINT WARNING * * *
The dart slug launches a dart at you. The slug dart hits you.
You die...

.. .. #.# ### #.. ..#
#... #># #.#...####
#.# .......r.###.###
......w@.......#
...............#
......#######..# #
...............#.###
.##...######[........
##.................
#.#####..##.#.###.
###..######
##....#....##


You could see a dart slug and a quokka.

Vanquished Creatures
  A hobgoblin (D:1)
  A quokka (D:1)
  A ball python (D:1)
  A frilled lizard (D:1)
4 creatures vanquished.

Notes
Turn   | Place    | Note
-------+----------+-------------------------------------------
     0 | D:1      | innerfire43 the Demonspawn Monk began the quest for the
                  | Orb.
     0 | D:1      | Reached XP level 1. HP: 18/18 MP: 1/1
    88 | D:1      | Killed from afar by a dart slug

Illustrated notes

Levels and vault maps discovered:
D:1:      minmay_arrival_loop, layout_loops_ring

Action                     || total
---------------------------++-------
  Melee: Hand axe          ||    14
 Armour: Robe              ||     3
  Dodge: Dodged            ||    20

Table legend: (Time is in decaauts)
 A = Elapsed time spent in this place.
 B = Non-inter-level travel time spent in this place.
 C = Inter-level travel time spent in this place.
 D = Time resting spent in this place.
 E = Time spent auto-exploring this place.
 F = Levels seen in this place.
 G = Mean time per level.
                   A        B        C        D        E       F      G
               +--------+--------+--------+--------+--------+-----+--------+
         Total |     89 |     89 |      0 |      0 |     63 |   1 |   89.0 |
       Dungeon |     89 |     89 |      0 |      0 |     63 |   1 |   89.0 |
               +--------+--------+--------+--------+--------+-----+--------+

Top non-repeatable levels by time:
     D:1: 89 daAuts
